 Dungeon Crawl Stone Soup version 0.31.0-11-ge490571c62 (webtiles) character file.

Game seed: 16507831761946296500

263 qw the Skirmisher (level 5, -5/30 HPs)
             Began as a Deep Elf Hunter on Feb 3, 2024.
             Slain by a gnoll
             ... wielding a +0 halberd of flaming
              (12 damage)
             ... on level 4 of the Dungeon.
             The game lasted 00:00:09 (2342 turns).

qw the Skirmisher (Deep Elf Hunter)                 Turns: 2342, Time: 00:00:09

Health: -5/30      AC:  5    Str: 10    XL:     5   Next: 98%
Magic:  7/7        EV: 11    Int: 14    God:
Gold:   179        SH:  0    Dex: 18    Spells: 4/4 levels left

rFire   . . .        a - +0 shortbow (chaos)
rCold   . . .        (shield currently unavailable)
rNeg    . . .        c - +0 ring mail
rPois   +            (no helmet)
rElec   .            (no cloak)
rCorr   .            (no gloves)
SInv    .            (no boots)
Will    +....        (no amulet)
Stlth   +            j - ring of willpower
HPRegen 0.25/turn    k - ring of poison resistance
MPRegen 0.10/turn

%: no passive effects
@: about to teleport
A: no striking features
a: no special abilities


You were on level 4 of the Dungeon.
You visited 1 branch of the dungeon, and saw 4 of its levels.

You collected 179 gold pieces.


   Skills:
 - Level 2.1 Fighting
 + Level 9.3 Ranged Weapons
 - Level 2.4 Dodging
 - Level 1.2 Stealth


You had 4 spell levels left.
You didn't know any spells.
Your spell library was empty.

Inventory:

Hand Weapons
 a - a +0 shortbow of chaos (weapon)
Armour
 c - a +0 ring mail (worn)
Jewellery
 j - a ring of willpower (left hand)
 k - a ring of poison resistance (right hand)
Scrolls
 d - a scroll of blinking {unknown}
 f - a scroll of identify
 g - a scroll of fear {unknown}
Potions
 b - 2 potions of curing

Dungeon Overview and Level Annotations

Branches:
Dungeon (4/15)
 Temple: D:4-7

Altars:
Ru
Zin

Annotations:
D:3 2 transporters


Message History

The hound attacks as it pursues you! The hound barely misses you.
The hound bites you but does no damage.
2334 ||| RETREEEEATING.
The hound misses you.
You shoot an arrow. The arrow hits the hound.
The arrow burns the hound.
The hound is heavily wounded.
The hound closely misses you. The hound bites you but does no damage.
You shoot an arrow. The arrow barely misses the hound.
The arrow misses the hound.
The gnoll hits you from afar with a +0 halberd of flaming.
The gnoll burns you. The hound closely misses you.
You shoot an arrow. The arrow barely misses the hound.
The arrow hits the hound.
The arrow burns the hound.
The hound is lightly wounded.
The hound closely misses you. The gnoll barely misses you.
The hound barely misses you.
You shoot an arrow. The arrow misses the hound.
The arrow barely misses the hound.
The gnoll closely misses you. The hound bites you but does no damage.
The gnoll hits you from afar with a +0 halberd of flaming.
The gnoll burns you.
You shoot an arrow. The arrow closely misses the hound.
The arrow hits the hound.
Lightning courses through the hound!
You kill the hound!
The hound barely misses you. The hound bites you.
The gnoll hits you from afar with a +0 halberd of flaming.
The gnoll burns you.
Your Fighting skill increases to level 2!
You shoot an arrow. The arrow hits the hound!
The arrow burns the hound.
The hound is almost dead.
The hound bites you. The gnoll closely misses you.
You shoot an arrow. The arrow hits the hound.
The arrow freezes the hound.
You kill the hound!
The gnoll hits you from afar with a +0 halberd of flaming.
The gnoll burns you.
2342 ||| READING scroll of teleportation.
As you read the scroll of teleportation, it crumbles to dust.
You feel strangely unstable.
The gnoll hits you from afar with a +0 halberd of flaming!
You die...

..#####.###
#..# ###
#.#
#..#...#
#.#
##.P#...#
####.#
#...'...#
#....#
#..P#+#+#
#.####
#...# #.#
#.g.# #.#
#.### #.#
#@# #.# #.#
#.# #.# #.#
#.# #.# #..
#.#
########
#.###>..##
#%##.###.#
#......#.#


You could see a gnoll.

Vanquished Creatures
  2 scorpions (D:4)
  2 hounds (D:4)
  Terence (D:2)
  3 adders
  4 endoplasms
  2 giant cockroaches
  4 hobgoblins
  4 jackals (D:3)
  3 kobolds
  4 quokkas
  3 ball pythons
  3 bats
  A frilled lizard (D:1)
  3 goblins
  2 rats (D:3)
41 creatures vanquished.

Notes
Turn   | Place    | Note
-------+----------+-------------------------------------------
     0 | D:1      | qw the Deep Elf Hunter began the quest for the Orb.
     0 | D:1      | Reached XP level 1. HP: 12/12 MP: 3/3
     0 | D:1      | 0 ||| qw: Version: 0.3-a-158-g18b3111
     0 | D:1      | 0 ||| qw: Game counter: 4263
     0 | D:1      | 0 ||| qw: Melee chars always use a shield: true
     0 | D:1      | 0 ||| qw: God list: Okawaru
     0 | D:1      | 0 ||| qw: Allow faded altars: false
     0 | D:1      | 0 ||| qw: Do Orc after clearing Dungeon:15 true
     0 | D:1      | 0 ||| qw: Do second Lair branch before Depths: true
     0 | D:1      | 0 ||| qw: Lair rune preference: random
     0 | D:1      | 0 ||| qw: Goals: Normal
     0 | D:1      | 0 ||| PLANNING D:1-11
   294 | D:1      | Reached XP level 2. HP: 16/16 MP: 4/4
   309 | D:1      | Reached skill level 6 in Ranged Weapons
   568 | D:1      | 568 ||| READING scroll labelled AKHUMAORUTZ.
   597 | D:1      | 597 ||| READING 2 scrolls labelled VESKERGH IGHA.
   601 | D:1      | 601 ||| READING scroll labelled COTTOGRYOTO.
   602 | D:1      | 602 ||| READING scroll labelled POVVOE NETUE.
   602 | D:1      | 602 ||| BRANDING +0 shortbow.
   603 | D:1      | 603 ||| DROPPING scroll of butterflies.
   742 | D:2      | Found a glowing silver altar of Zin.
   816 | D:2      | Noticed Terence
   820 | D:2      | Killed Terence
   821 | D:2      | Reached skill level 7 in Ranged Weapons
   821 | D:2      | Reached XP level 3. HP: 10/20 MP: 5/5
  1227 | D:2      | 1227 ||| UPGRADING to +0 scale mail.
  1237 | D:2      | 1237 ||| DROPPING +0 leather armour.
  1238 | D:2      | 1238 ||| UPGRADING to ring of willpower.
  1239 | D:2      | 1239 ||| UPGRADING to ring of poison resistance.
  1240 | D:2      | 1240 ||| READING 3 scrolls labelled MIYTIPYERCH.
  1241 | D:2      | 1241 ||| READING 4 scrolls labelled YTYEVV JYOTUNE.
  1241 | D:2      | 1241 ||| IDENTIFYING viscous red potion
  1242 | D:2      | 1242 ||| READING 3 scrolls of identify.
  1242 | D:2      | 1242 ||| IDENTIFYING murky orange potion
  1243 | D:2      | 1243 ||| READING 2 scrolls of identify.
  1243 | D:2      | 1243 ||| IDENTIFYING scroll labelled VUPTINWYNY
  1244 | D:2      | 1244 ||| DROPPING 2 scrolls of fog.
  1245 | D:2      | 1245 ||| DROPPING scroll of vulnerability.
  1246 | D:2      | 1246 ||| DROPPING potion of brilliance.
  1247 | D:2      | 1247 ||| DROPPING potion of degeneration.
  1303 | D:3      | Found a sacrificial altar of Ru.
  1423 | D:3      | Reached XP level 4. HP: 24/25 MP: 6/6
  1450 | D:3      | Found a transporter.
  1455 | D:3      | 1455 ||| UPGRADING to +0 ring mail.
  1464 | D:3      | 1464 ||| UPGRADING to +0 ring mail.
  1474 | D:3      | 1474 ||| DROPPING +0 scale mail.
  1492 | D:3      | Found a transporter.
  2083 | D:3      | 2083 ||| READING 2 scrolls of identify.
  2083 | D:3      | 2083 ||| IDENTIFYING 2 fizzy silvery potions
  2108 | D:4      | Noticed a scorpion
  2111 | D:4      | Killed a scorpion
  2112 | D:4      | Reached skill level 8 in Ranged Weapons
  2112 | D:4      | Reached XP level 5. HP: 26/29 MP: 7/7
  2181 | D:4      | Reached skill level 9 in Ranged Weapons
  2329 | D:4      | 2329 ||| RETREEEEATING.
  2330 | D:4      | 2330 ||| RETREEEEATING.
  2332 | D:4      | 2332 ||| RETREEEEATING.
  2333 | D:4      | 2333 ||| RETREEEEATING.
  2334 | D:4      | 2334 ||| RETREEEEATING.
  2341 | D:4      | HP: 7/30 [gnoll/+0 halberd of flaming (4)]
  2342 | D:4      | 2342 ||| READING scroll of teleportation.
  2342 | D:4      | Slain by a gnoll

Levels and vault maps discovered:
D:1:      dpeg_arrival_lava_temple_mockup, layout_basic, serial_forest,
          infiniplex_forest_lined_room_, infiniplex_forest_clump_cross,
          infiniplex_forest_straight_3, infiniplex_forest_lined_ring,
          infiniplex_forest_clump_tiny, infiniplex_forest_straight_4,
          infiniplex_forest_corner_2, infiniplex_forest_clump_curved
D:2:      layout_basic, basic_altar, uniq_terence
D:3:      gammafunk_wand_slinger, layout_loops_corners,
          nicolae_ru_sacrificial_ziggurat, kennysheep_boxes
D:4:      layout_loops_ring, nemelex_dance_club_becter, cheibrodos_gnoll_hut

Skill      XL: |  1  2  3  4  5 |
---------------+----------------+-----
Ranged Weapons | 7 8 9 |  9.3
Fighting       | 2 |  2.1
Dodging        | |  2.4
Stealth        | |  1.2

Action                     |  1- 3 |  4- 6 || total
---------------------------+-------+-------++-------
   Fire: Shortbow          |    55 |    40 ||    95
    Use: Scroll            |     8 |     2 ||    10
 Armour: Leather armour    |     5 |       ||     5
         Scale mail        |     8 |       ||     8
         Ring mail         |       |    18 ||    18
  Dodge: Dodged            |     5 |    19 ||    24

Table legend:
 A = Non-vault XP
 B = Vault XP
 C = Vault XP percentage of total XP
 D = Non-vault monster count
 E = Vault monster count
 F = Vault count percentage of total count
                 A         B        C        D         E       F
            +---------+---------+-------+---------+---------+-------
      Total |     259 |     118 |  31.3 |      38 |       3 |   7.3
            +---------+---------+-------+---------+---------+-------
        D:1 |      15 |       0 |   0.0 |      10 |       0 |   0.0
        D:2 |      27 |      32 |  54.2 |       8 |       1 |  11.1
        D:3 |      50 |       0 |   0.0 |      16 |       0 |   0.0
        D:4 |     167 |      86 |  34.0 |       4 |       2 |  33.3
            +---------+---------+-------+---------+---------+-------
